 Dungeon Crawl Stone Soup version 0.23.2-1-ga50397a (webtiles) character file.

Game seed: 6608278763156877920

914 goulibeur the Skirmisher (level 7, 0/91 HPs)
             Began as a Yellow Draconian Berserker on May 28, 2019.
             Was a Priest of Trog.
             Slain by a centaur (4 damage)
             ... on level 5 of the Dungeon.
             The game lasted 00:12:03 (4049 turns).

goulibeur the Skirmisher (DrBe)                     Turns: 4049, Time: 00:12:04

Health: 0/91       AC:  6    Str: 24    XL:     7   Next: 82%
Magic:  7/7        EV: 14    Int:  8    God:    Trog [***...]
Gold:   216        SH:  4    Dex: 12    Spells: 6/6 levels left

rFire    . . .     SeeInvis .   a - +0 mace
rCold    . . .     Gourm    .   l - +0 buckler (curse)
rNeg     . . .     Faith    .   (armour unavailable)
rPois    .         Spirit   .   (helmet restricted)
rElec    .         Reflect  .   (no cloak)
rCorr    +         Harm     .   (no gloves)
MR       .....                  (no boots)
Stlth    ..........             (no amulet)
HPRegen  0.25/turn              (no ring)
MPRegen  0.10/turn              (no ring)

@: berserking, very quick
A: spit acid, unfitting armour, cold-blooded, acid resistance, AC +6
a: Breathe Acid, Berserk, Trog's Hand, Renounce Religion


You were on level 5 of the Dungeon.
You worshipped Trog.
Trog was most pleased with you.
You were near starving.

You visited 1 branch of the dungeon, and saw 5 of its levels.

You collected 216 gold pieces.

Inventory:

Hand Weapons
 a - a +0 mace (weapon)
 x - a +0 hand axe
Missiles
 r - 5 tomahawks (quivered)
Armour
 l - a cursed +0 buckler (worn)
 y - a +0 leather armour
Jewellery
 k - an uncursed amulet of harm {unknown}
 m - a +5 ring of protection {unknown}
 n - a +2 ring of strength {unknown}
 u - an uncursed ring of poison resistance {unknown}
Wands
 z - a wand of flame (6)
Scrolls
 d - a scroll of noise {unknown}
 i - a scroll of enchant weapon {unknown}
 o - a scroll of fog {unknown}
 p - 2 scrolls of remove curse {unknown}
 s - 7 scrolls of identify {unknown}
 t - a scroll of teleportation {unknown}
 v - 2 scrolls of magic mapping {unknown}
 w - a scroll of immolation {unknown}
Potions
 c - 3 potions of mutation {unknown}
 e - 4 potions of invisibility {unknown}
 f - a potion of heal wounds {unknown}
 g - 2 potions of haste {unknown}
 h - 3 potions of lignification {unknown}
 j - 2 potions of degeneration {unknown}
 q - a potion of curing {unknown}
 B - 2 potions of flight {unknown}
Comestibles
 b - 7 rations


   Skills:
 + Level 5.5 Fighting
 + Level 5.0 Maces & Flails
 + Level 3.4 Throwing
 + Level 4.5 Dodging
 + Level 3.4 Shields


You had 6 spell levels left.
You didn't know any spells.
Your spell library was empty.

Dungeon Overview and Level Annotations

Branches:
Dungeon (5/15)
 Temple: D:4-7

Altars:


Innate Abilities, Weirdness & Mutations

You can spit globs of acid.
Your golden yellow scales are hard. (AC +6)
You cannot fit into any form of body armour.
You are cold-blooded and may be slowed by cold attacks.
You are resistant to acid. (rCorr)


Message History

* * * LOW HITPOINT WARNING * * *
The hippogriff claws you.
* * * LOW HITPOINT WARNING * * *
You sock the hippogriff!
You kill the hippogriff!
Trog accepts your kill.
You feel your dexterity returning.
Your Maces & Flails skill increases to level 5!
The centaur shoots an arrow.
The arrow hits you!
* * * LOW HITPOINT WARNING * * *
The centaur unwields a +0 shortbow.
The centaur closely misses you.
Things that are here:
an arrow; a hippogriff corpse You sock the centaur!
Your tail-slap misses the centaur.
The centaur is heavily wounded.
The centaur barely misses you.
You hit the centaur.
The centaur is severely wounded.
The centaur hits you.
You die...

#...############
#..............#
#...#.####.###.#
##.##.# #.# #.#
#.##.# #.###.# #.##.#
#.....# #.##.#
#####.# #(##.# #.#
#@##.# #.#
#c##.########.# ...
........# ?.#..
..#####.## .>. ...
.........### ##..
#####...........
##..#############..#.
................#..#.
#...................


You could see a centaur.

Vanquished Creatures
  A hippogriff (D:5)
  2 ogres (D:4)
  2 crimson imps
  A quasit (D:5)
  A centaur skeleton (D:5)
  An orc priest (D:3)
  2 hounds (D:4)
  A bullfrog skeleton (D:4)
  Ijyb (D:3)
  Natasha (D:2)
  3 worker ants (D:5)
  2 orc wizards
  6 adders
  An ooze (D:2)
  An adder skeleton (D:4)
  A worm (D:3)
  A dart slug (D:3)
  7 orcs
  4 giant cockroaches
  8 goblins
  7 hobgoblins
  4 jackals
  9 kobolds
  2 quokkas
  9 bats
  2 frilled lizards
  A jackal skeleton (D:5)
  A leopard gecko skeleton (D:4)
  7 rats
89 creatures vanquished.

Notes
Turn   | Place    | Note
-------+----------+-------------------------------------------
     0 | D:1      | goulibeur the Draconian Berserker began the quest for the
                  | Orb.
     0 | D:1      | Reached XP level 1. HP: 19/19 MP: 1/1
   173 | D:1      | Reached XP level 2. HP: 21/26 MP: 2/2
   668 | D:1      | Reached skill level 1 in Throwing
   745 | D:1      | Reached XP level 3. HP: 31/31 MP: 3/3
  1486 | D:2      | Noticed Natasha
  1488 | D:2      | Reached ** piety under Trog
  1496 | D:2      | Killed Natasha
  1496 | D:2      | Reached XP level 4. HP: 31/40 MP: 4/4
  1599 | D:2      | Reached skill level 1 in Shields
  1792 | D:3      | Reached XP level 5. HP: 23/46 MP: 5/5
  2607 | D:3      | Noticed Ijyb
  2624 | D:3      | Killed Ijyb
  2931 | D:4      | Noticed an ogre
  2937 | D:4      | Killed an ogre
  2937 | D:4      | Reached XP level 6. HP: 53/53 MP: 6/6
  3214 | D:4      | Your scales start taking on a golden yellow colour.
  3214 | D:4      | Reached XP level 7. HP: 19/60 MP: 7/7
  3214 | D:4      | Gained mutation: You are resistant to acid. (rCorr) [Yellow
                  | Draconian growth]
  3590 | D:5      | Entered Level 5 of the Dungeon
  3605 | D:5      | Reached skill level 5 in Fighting
  3751 | D:5      | Reached *** piety under Trog
  4035 | D:5      | Noticed a hippogriff
  4046 | D:5      | Killed a hippogriff
  4046 | D:5      | Reached skill level 5 in Maces & Flails
  4046 | D:5      | HP: 3/91 [centaur/arrow (9)]
  4049 | D:5      | Slain by a centaur

Skill      XL: |  1  2  3  4  5  6  7 |
---------------+----------------------+-----
Dodging        | 3 4 |  4.5
Throwing       | 1 2 3 |  3.4
Shields        | 1 2 3 |  3.4
Fighting       | 4 5 |  5.5
Maces & Flails | 4 5 |  5.0

Action                   |  1- 3 |  4- 6 |  7- 9 || total
-------------------------+-------+-------+-------++-------
Melee: Mace              |   106 |   155 |    74 ||   335
       Tailslap          |    13 |    31 |     7 ||    51
Throw: Tomahawk          |     3 |       |       ||     3
Invok: Berserk           |       |     2 |     3 ||     5
Evoke: Wand              |       |     9 |       ||     9
 Stab: Sleeping          |     1 |     1 |       ||     2
  Eat: Chunk             |     1 |     4 |     2 ||     7
       Ration            |       |     1 |     1 ||     2
Armor: Skin              |    47 |    46 |    45 ||   138
Dodge: Dodged            |    94 |   115 |    48 ||   257
Block: Buckler           |     5 |    30 |    13 ||    48
